 Dungeon Crawl Stone Soup version 0.32-a0-19-g28bc083 (webtiles) character file.

Game seed: 17969746639184145192

79 Dorkslayer the Ruffian (level 4, -4/28 HPs)
             Began as an Octopode Shapeshifter on Jan 17, 2024.
             Slain by a gnoll
             ... wielding a +0 club
              (6 damage)
             ... on level 3 of the Dungeon.
             The game lasted 00:04:19 (1896 turns).

Dorkslayer the Ruffian (Octopode Shapeshifter)      Turns: 1896, Time: 00:04:20

Health: -4/28      AC:  1    Str: 15    XL:     4   Next: 38%
Magic:  4/4        EV: 13    Int: 12    God:
Gold:   184        SH:  0    Dex: 11    Spells: 3/3 levels left

rFire   . .          .
                       - Unarmed
rCold   . . .        (no shield)
rNeg    . . .        (helmet currently unavailable)
rPois   .            (no amulet)
rElec   .            k - ring of willpower
rCorr   .            (no ring)
SInv    .            (no ring)
Will    +....        (no ring)
Stlth   +++          (no ring)
HPRegen 0.24/turn    (no ring)
MPRegen 0.09/turn    (no ring)
                     (no ring)

%: no passive effects
@: beast-form
A: beast (slay +1), almost no armour, amphibious, 8 rings, camouflage 1,
gelatinous body 1, (nimble swimmer 1), tentacles
a: Begin Untransformation


You were on level 3 of the Dungeon.
You were a hulking beast.
You visited 1 branch of the dungeon, and saw 3 of its levels.

You collected 184 gold pieces.

Inventory:

Missiles
 d - 2 boomerangs (quivered)
Jewellery
 k - a ring of willpower (left tentacle)
Talismans
 b - a beast talisman
 c - a flux talisman
Wands
 o - a wand of roots (13)
Scrolls
 g - a scroll of teleportation {unknown}
 i - a scroll of fear {unknown}
 j - a scroll of silence {unknown}
 l - a scroll of enchant armour {unknown}
 m - a scroll of fog {unknown}
 n - a scroll of vulnerability {unknown}
Potions
 a - a potion of lignification
 e - a potion of curing
 h - a potion of cancellation {unknown}


   Skills:
 + Level 1.2 Fighting
 + Level 0.1 Throwing
 + Level 2.3 Dodging
 + Level 2.2 Stealth
 * Level 4.1 Unarmed Combat
 + Level 3.3 Shapeshifting


You had 3 spell levels left.
You didn't know any spells.
Your spell library was empty.

Dungeon Overview and Level Annotations

Branches:
Dungeon (3/15)

Altars:


Innate Abilities, Weirdness & Mutations

You are a hulking beast.
Your limbs bulge with bestial killing power. (Slay +1)
You cannot wear most types of armour.
You are amphibious.
You can wear up to eight rings at the same time.
Your skin changes colour to match your surroundings (Stealth+).
Your rubbery body absorbs attacks. (AC +1, EV +1)
((You are camouflaged when in or above water. (Stealth+)))
You have tentacles for arms and can constrict up to eight enemies at once.


Message History

o - a wand of roots (13)
A ball python comes into view.
The ball python moves out of view. 2 gnolls come into view.
The gnoll shouts!
You hear a shout!
A gnoll comes into view. It is wielding a +0 spear.
Found 13 gold pieces.
The ball python bites you. The ball python completely misses you.
A gnoll comes into view. It is wielding a +0 spear.
You barely miss the ball python.
The gnoll shouts!
Your grab misses the ball python. The ball python closely misses you.
The ball python grabs you. The ball python constricts you.
You escape the ball python's grasp.
The ball python attacks as it pursues you!
The ball python misses you. The ball python barely misses you.
The ball python attacks as it pursues you!
The ball python bites you. The ball python grabs you.
The ball python constricts you.
You escape the ball python's grasp.
Okay, then.
As you read the scroll labelled ZOONYI NARAHE, it crumbles to dust.
It is a scroll of identify.
e - a potion of curing The ball python bites you.
The ball python grabs you. The ball python constricts you.
You escape the ball python's grasp.
You bludgeon the ball python!
You kill the ball python!
The gnoll completely misses you.
You barely miss the gnoll. Your grab misses the gnoll.
The gnoll hits you from afar with a +0 spear.
The gnoll barely misses you.
The gnoll hits you from afar with a +0 halberd!
The gnoll attacks as it pursues you!
The gnoll hits you from afar with a +0 spear!
* * * LOW HITPOINT WARNING * * *
You closely miss the gnoll. You grab the gnoll. You constrict the gnoll.
The gnoll hits you with a +0 club.
You die...

#........####.####.#
#........#.........#
#........#.##.######
#........#.##......#
#........#.#########
#........#.#
#........#.#
###g######.#
#gggh....#
##########


You could see 4 gnolls.

Vanquished Creatures
  Robin (D:2)
  An adder (D:2)
  2 dart slugs (D:2)
  2 ribbon worms (D:2)
  3 ball pythons
  An endoplasm (D:2)
  2 giant cockroaches
  7 goblins
  8 hobgoblins
  3 quokkas
  3 bats
  3 frilled lizards
  6 kobolds
  4 rats
46 creatures vanquished.

Notes
Turn   | Place    | Note
-------+----------+-------------------------------------------
     0 | D:1      | Dorkslayer the Octopode Shapeshifter began the quest for
                  | the Orb.
     0 | D:1      | Reached XP level 1. HP: 13/13 MP: 1/1
   348 | D:1      | Reached XP level 2. HP: 18/18 MP: 2/2
   975 | D:2      | Reached skill level 1 in Stealth
   975 | D:2      | Reached XP level 3. HP: 21/23 MP: 3/3
  1244 | D:2      | Identified the +1 leather armour of Oblivion {rElec SInv}
  1288 | D:2      | Identified the +1 ring mail of the Arcane {MP+9}
  1381 | D:2      | Noticed Robin
  1432 | D:2      | Reached XP level 4. HP: 19/28 MP: 4/4
  1434 | D:2      | Killed Robin
  1435 | D:2      | Reached skill level 4 in Unarmed Combat
  1896 | D:3      | Slain by a gnoll

Illustrated notes

Levels and vault maps discovered:
D:1:      dpeg_arrival_more_subterranean_lakeside_camping, layout_basic
D:2:      minmay_recursive_quarters, layout_loops_cross,
          serial_co_window_serial, co_window_paths_a, co_window_paths_b,
          co_window_of_opportunity_a, co_window_paths_a, co_window_corner_a,
          co_window_paths_b, co_window_corner_a, co_window_of_opportunity_b,
          co_window_of_opportunity_c, co_window_2corner, co_window_corner_ca,
          glass_columns_a, glass_columns_a, glass_columns_a, glass_columns_a,
          chequers_mini_garden, uniq_robin
D:3:      layout_basic, nicolae_dithmenos_through_a_glass_darkly, tgw_fedhas,
          lemuel_flame_loot_1

Skill      XL: |  1  2  3  4 |
---------------+-------------+-----
Stealth        | 1 2 |  2.2
Unarmed Combat | 4 |  4.1
Fighting       | |  1.2
Throwing       | |  0.1
Dodging        | |  2.3
Shapeshifting  | |  3.3

Action                     |  1- 3 |  4- 6 || total
---------------------------+-------+-------++-------
  Melee: Unarmed           |    57 |    15 ||    72
         Constrict         |    15 |     4 ||    19
         Punch             |     3 |       ||     3
         Tentacles         |     7 |     2 ||     9
  Throw: Boomerang         |     3 |       ||     3
    Use: Scroll            |       |     1 ||     1
   Stab: Sleeping          |     7 |     1 ||     8
         Distracted        |     1 |       ||     1
 Armour: Skin              |    13 |    11 ||    24
  Dodge: Dodged            |    30 |     9 ||    39

Table legend: (Time is in decaauts)
 A = Elapsed time spent in this place.
 B = Non-inter-level travel time spent in this place.
 C = Inter-level travel time spent in this place.
 D = Time resting spent in this place.
 E = Time spent auto-exploring this place.
 F = Levels seen in this place.
 G = Mean time per level.
                   A        B        C        D        E       F      G
               +--------+--------+--------+--------+--------+-----+--------+
         Total |   1891 |   1891 |      0 |      0 |   1280 |   3 |  630.3 |
       Dungeon |   1891 |   1891 |      0 |      0 |   1280 |   3 |  630.3 |
               +--------+--------+--------+--------+--------+-----+--------+

Top non-repeatable levels by time:
     D:2: 995 daAuts
     D:1: 736 daAuts
     D:3: 159 daAuts
